 Dungeon Crawl Stone Soup version 0.21.1-68-g103a7afc0a (webtiles) character file.

50 Arth the Chopper (level 3, -2/27 HPs)
             Began as a Demonspawn Gladiator on Aug 2, 2018.
             Slain by an orc
             ... wielding a +0 hand axe
              (3 damage)
             ... on level 3 of the Dungeon.
             The game lasted 00:04:55 (1359 turns).

Arth the Chopper (Demonspawn Gladiator)             Turns: 1359, Time: 00:04:55

Health: -2/27      AC:  5    Str: 15    XL:     3   Next: 55%
Magic:  3/3        EV: 11    Int:  9    God:
Gold:   136        SH:  0    Dex: 14    Spells: 2/2 levels left

rFire    . . .     SeeInvis .   a - +0 war axe
rCold    . . .     Gourm    .   (no shield)
rNeg     . . .     Faith    .   e - +0 ring mail
rPois    .         Spirit   .   (helmet restricted)
rElec    .         Reflect  .   (no cloak)
rCorr    .         Harm     .   (no gloves)
MR       .....                  (no boots)
Stlth    +.........             (no amulet)
HPRegen  0.09/turn              (no ring)
MPRegen  0.08/turn              (no ring)

@: no status effects
A: horns 1
a: no special abilities


You were on level 3 of the Dungeon.
You were hungry.

You visited 1 branch of the dungeon, and saw 3 of its levels.

You collected 136 gold pieces.

Inventory:

Hand Weapons
 a - a +0 war axe (weapon)
Missiles
 d - 3 throwing nets (quivered)
Armour
 b - a +0 leather armour
 c - a +0 helmet
 e - a +0 ring mail (worn)
Jewellery
 g - an uncursed ring of protection from cold {unknown}
Scrolls
 h - a scroll of teleportation {unknown}
 m - 2 scrolls of identify {unknown}
 o - 2 scrolls of enchant weapon {unknown}
 p - a scroll of amnesia {unknown}
 q - a scroll of enchant armour {unknown}
 r - a scroll of remove curse {unknown}
Potions
 i - a potion of invisibility {unknown}
 j - a potion of flight {unknown}
 k - a potion of lignification {unknown}
 l - a potion of heal wounds {unknown}
 n - a potion of agility {unknown}
Comestibles
 f - 3 rations


   Skills:
 - Level 2.0 Fighting
 + Level 4.2 Axes
 - Level 1.7 Throwing
 - Level 2.6 Dodging


You had 2 spell levels left.
You didn't know any spells.

Dungeon Overview and Level Annotations

Branches:
Dungeon (3/15)

Altars:
Cheibriados
Elyvilon
Yredelemnul
Zin


Innate Abilities, Weirdness & Mutations

You have a pair of small horns on your head.


Message History

The orc is heavily wounded.
The orc hits you with a hand axe.
* * * LOW HITPOINT WARNING * * *
You barely miss the orc.
The orc is heavily wounded.
The orc hits you but does no damage.
You closely miss the orc.
The orc is heavily wounded.
The orc barely misses you.
You hit the orc.
The orc is almost dead.
The orc closely misses you. The orc hits you with a hand axe.
* * * LOW HITPOINT WARNING * * *
You barely miss the orc.
The orc is severely wounded.
The orc hits you but does no damage.
You hit the orc. Your headbutt misses the orc.
The orc is almost dead.
The orc hits you with a hand axe.
You die...

### #.#
..# #.#
##.#######
#.†o......
#.@#####
#[.....#
#.####.#
... #.#
..... #.#
...... #.#
..###. #.#
.. #. #.#
#.#


You could see an orc.

Vanquished Creatures
  2 oozes
  2 dart slugs
  2 leopard geckos
  An orc (D:3)
  5 bats
  A giant cockroach (D:2)
  5 goblins
  4 hobgoblins
  3 frilled lizards (D:2)
  4 kobolds
  8 rats
37 creatures vanquished.

Notes
Turn   | Place    | Note
-------+----------+-------------------------------------------
     0 | D:1      | Arth the Demonspawn Gladiator began the quest for the Orb.
     0 | D:1      | Reached XP level 1. HP: 16/16 MP: 1/1
   124 | D:1      | Reached skill level 3 in Axes
   188 | D:1      | Gained mutation: You have a pair of small horns on your head. [demonic ancestry]
   188 | D:1      | Reached XP level 2. HP: 22/22 MP: 2/2
   771 | D:2      | Reached XP level 3. HP: 20/27 MP: 3/3
   899 | D:2      | Found a snail-covered altar of Cheibriados.
   942 | D:2      | Reached skill level 4 in Axes
  1086 | D:2      | Found a white marble altar of Elyvilon.
  1167 | D:2      | Found a glowing silver altar of Zin.
  1228 | D:2      | Found a basalt altar of Yredelemnul.
  1357 | D:3      | HP: 1/27 [orc/hand axe (6)]
  1359 | D:3      | Slain by an orc

Skill      XL: |  1  2  3 |
---------------+----------+-----
Axes           | 3 4 |  4.2
Fighting       | |  2.0
Throwing       | |  1.7
Dodging        | |  2.6

Action                   || total
-------------------------++-------
Melee: War axe           ||   100
       Headbutt          ||     6
  Eat: Chunk             ||     1
Armor: Ring mail         ||    41
       Leather armour    ||     2
Dodge: Dodged            ||    68
